 Dungeon Crawl Stone Soup version 0.29-a0-923-g6e406bff71 (webtiles) character file.

Game seed: 16611732912902865952

23 2tc the Scratcher (level 2, -1/12 HPs)
             Began as a Felid Transmuter on July 28, 2022.
             Slain by a quokka (4 damage)
             ... on level 2 of the Dungeon.
             The game lasted 00:03:32 (1167 turns).

2tc the Scratcher (Felid Transmuter)                Turns: 1167, Time: 00:03:33

Health: -1/12      AC:  1    Str:  6    XL:     2   Next: 75%
Magic:  6/6        EV: 17    Int: 14    God:
Gold:   91         SH:  0    Dex: 16    Spells: 4/5 levels left
                                        Lives:  0   Deaths: 0

rFire   . . .      SeeInvis +     - Unarmed
rCold   . . .      Faith    .   (shield unavailable)
rNeg    . . .      Spirit   .   (body armour unavailable)
rPois   .          Reflect  .   (helmet unavailable)
rElec   .          Harm     .   (cloak unavailable)
rCorr   .          Rampage  .   (gloves unavailable)
Will    .....                   (boots unavailable)
Stlth   ++........              d - amulet of the acrobat
HPRegen 0.04/turn               (no ring)
MPRegen 0.10/turn               (no ring)

@: weak-willed, quick
A: very small, claws 1, fangs 3, see invisible, speed 1, shaggy fur 1, stealthy
paws, no weapons or thrown items, no armour, multi-lived
a: no special abilities


You were on level 2 of the Dungeon.
You visited 1 branch of the dungeon, and saw 2 of its levels.

You collected 91 gold pieces.

Inventory:

Jewellery
 d - an amulet of the acrobat (around neck)
Potions
 a - a potion of lignification
 b - a potion of ambrosia
 c - a potion of brilliance {unknown}
 e - a potion of berserk rage {unknown}


   Skills:
 - Level 1.0 Fighting
 - Level 2.6 Dodging
 + Level 1.7 Stealth
 * Level 3.8 Unarmed Combat
 - Level 2.0 Spellcasting
 - Level 2.1 Transmutations


You had 4 spell levels left.
You knew the following spells:

 Your Spells              Type           Power      Damage    Failure   Level
a - Beastly Appendage     Tmut           14%        N/A       10%         1

Your spell library contained the following spells:

 Spells                   Type           Power      Damage    Failure   Level
 Wereblood                Tmut           7%         N/A       14%         2
 Spider Form              Tmut/Pois      4%         N/A       41%         3
 Inner Flame              Hex/Fire       1%         N/A       56%         3
 Ice Form                 Ice/Tmut       4%         N/A       83%         4
 Cause Fear               Hex            0%         N/A       93%         4
 Discord                  Hex            0%         N/A       100%        8


Dungeon Overview and Level Annotations

Branches:
Dungeon (2/15)

Altars:


Innate Abilities, Weirdness & Mutations

You have sharp claws.
You have razor-sharp teeth.
You have supernaturally acute eyesight. (SInv)
You cover ground quickly. (Speed+)
You are covered in fur. (AC +1)
Your paws help you pounce on unaware monsters.
You are incapable of wielding weapons or throwing items.
You cannot wear armour.
You gain extra lives every three experience levels.


Message History

You see here 6 stones.
You now have 41 gold pieces (gained 13).
A goblin comes into view. It is wielding a +0 club.
Found 9 gold pieces.
The helpless goblin fails to defend itself.
You claw the goblin!
You kill the goblin!
You now have 53 gold pieces (gained 12).
You now have 62 gold pieces (gained 9).
You now have 69 gold pieces (gained 7).
Found 5 stones.
A ball python comes into view.
Found a scroll labelled QYCOEWK ARAED.
You see here 5 stones.
You pounce on the unaware helpless ball python!
You claw the ball python!
You kill the ball python!
e - a scroll labelled QYCOEWK ARAED
As you read the scroll labelled QYCOEWK ARAED, it crumbles to dust.
Magic quickly surges around you.
It was a scroll of vulnerability.
e - a lumpy silvery potion You now have 77 gold pieces (gained 8).
You now have 91 gold pieces (gained 14).
A quokka comes into view.
Found a trident.
You barely miss the quokka. The quokka closely misses you.
You barely miss the quokka. The quokka barely misses you.
You closely miss the quokka. You bite the quokka, but do no damage.
The quokka bites you.
You scratch the quokka. You bite the quokka.
The quokka is severely wounded.
The quokka bites you. x2
You barely miss the quokka.
The quokka is severely wounded.
The quokka bites you.
* * * LOW HITPOINT WARNING * * *
You closely miss the quokka.
The quokka is severely wounded.
The quokka bites you.
You die...

#..># #....# #...#
#....# #...#### #....#
#...... #...) # #...#.#
.... .### #.<.#.##
..###.... #.......
######r#...........#..#
#.....@..# ###..####..#
#.####..## ##.. #..#
##.#### ##..###.#
#....# #...#.. ##...#
#.... #...##########..
########
#...#........#..
...#...##
#.####.............
........##
#...............#..


You could see a quokka.

Vanquished Creatures
  3 bats (D:1)
  2 endoplasms (D:1)
  A giant cockroach (D:1)
  7 goblins
  2 hobgoblins (D:1)
  A quokka (D:1)
  A ball python (D:2)
  A frilled lizard (D:1)
  A rat (D:2)
19 creatures vanquished.

Notes
Turn   | Place    | Note
-------+----------+-------------------------------------------
     0 | D:1      | 2tc the Felid Transmuter began the quest for the Orb.
     0 | D:1      | Reached XP level 1. HP: 9/9 MP: 4/4
   436 | D:1      | Reached skill level 1 in Stealth
   509 | D:1      | Reached XP level 2. HP: 12/12 MP: 6/6
  1167 | D:2      | Slain by a quokka

Illustrated notes

Levels and vault maps discovered:
D:1:      mushboom_english_gardens, layout_basic, kennysheep_small_spiral
D:2:      layout_rooms

Skill      XL: |  1 |
---------------+----+-----
Stealth        | 1 |  1.7
Fighting       | |  1.0
Dodging        | |  2.6
Unarmed Combat | |  3.8
Spellcasting   | |  2.0
Transmutations | |  2.1

Action                   || total
-------------------------++-------
Melee: Unarmed           ||    46
       Bite              ||     3
 Cast: Beastly Appendage ||     2
  Use: Scroll            ||     5
 Stab: Sleeping          ||     4
Armor: Skin              ||     1
Dodge: Dodged            ||    28

Table legend: (Time is in decaauts)
 A = Elapsed time spent in this place.
 B = Non-inter-level travel time spent in this place.
 C = Inter-level travel time spent in this place.
 D = Time resting spent in this place.
 E = Time spent auto-exploring this place.
 F = Levels seen in this place.
 G = Mean time per level.
                   A        B        C        D        E       F      G
               +--------+--------+--------+--------+--------+-----+--------+
         Total |   1014 |    978 |     36 |      0 |    743 |   2 |  507.0 |
       Dungeon |   1014 |    978 |     36 |      0 |    743 |   2 |  507.0 |
               +--------+--------+--------+--------+--------+-----+--------+

Top non-repeatable levels by time:
     D:1: 884 daAuts
     D:2: 130 daAuts
